 Dungeon Crawl Stone Soup version 0.28-a0-1234-g826d19b2e0 (webtiles) character file.

Game seed: 7006462379573982854

304 a11behringer the Ruffian (level 6, -5/48 HPs)
             Began as a Draconian Transmuter on Dec 24, 2021.
             Was a Follower of Uskayaw.
             Killed from afar by Pargi the acid dragon (18 damage)
             ... with a splash of acid
             ... on level 4 of the Dungeon.
             The game lasted 00:11:06 (4015 turns).

a11behringer the Ruffian (Draconian Transmuter)     Turns: 4015, Time: 00:11:06

Health: -5/48      AC:  7    Str: 13    XL:     6   Next: 15%
Magic:  6/10       EV: 12    Int: 15    God:    Uskayaw [*.....]
Gold:   171        SH:  0    Dex: 11    Spells: 10/11 levels left

rFire   . . .      SeeInvis .     - Unarmed
rCold   . . .      Faith    .   (no shield)
rNeg    + . .      Spirit   .   (armour unavailable)
rPois   .          Reflect  .   (helmet currently unavailable)
rElec   .          Harm     .   m - +0 cloak
rCorr   .          Rampage  .   (no gloves)
Will    .....                   (boots currently unavailable)
Stlth   +.........              (no amulet)
HPRegen 0.16/turn               c - ring of positive energy
MPRegen 0.12/turn               (no ring)

@: appendages (expiring)
A: horns 2, talons 2, AC +6, unfitting armour, cold-blooded
a: End Transformation, Renounce Religion, Stomp


You were on level 4 of the Dungeon.
You worshipped Uskayaw.
Uskayaw was noncommittal.
You had temporarily grown beastly horns and talons.
You visited 1 branch of the dungeon, and saw 4 of its levels.

You collected 171 gold pieces.

Inventory:

Hand Weapons
 l - a +2 quarterstaff of chaos
Armour
 e - a +0 buckler
 m - a +0 cloak (worn)
Jewellery
 c - a ring of positive energy (left hand)
Wands
 k - a wand of polymorph (11)
Scrolls
 a - 3 scrolls of blinking {unknown}
 d - 6 scrolls of identify {unknown}
 f - a scroll of brand weapon {unknown}
 g - a scroll of enchant weapon {unknown}
 h - a scroll of holy word {unknown}
Potions
 b - 3 potions of heal wounds {unknown}
 i - a potion of lignification {unknown}
 j - a potion of degeneration {unknown}
 n - a potion of resistance {unknown}


   Skills:
 + Level 1.7 Fighting
 + Level 3.0 Dodging
 + Level 1.1 Stealth
 + Level 4.6 Unarmed Combat
 + Level 3.2 Spellcasting
 + Level 3.1 Transmutations


You had 10 spell levels left.
You knew the following spells:

 Your Spells              Type           Power      Damage    Failure   Level
a - Beastly Appendage     Tmut           22%        N/A       5%          1

Your spell library contained the following spells:

 Spells                   Type           Power      Damage    Failure   Level
 Wereblood                Tmut           11%        N/A       9%          2
 Sting                    Tmut/Pois      28%        1d4       11%         1
 Poisonous Vapours        Pois/Air       4%         N/A       30%         2
 Spider Form              Tmut/Pois      7%         N/A       30%         3
 Ice Form                 Ice/Tmut       7%         N/A       71%         4
 Olgreb's Toxic Radiance  Pois           2%         N/A       89%         4


Dungeon Overview and Level Annotations

Branches:
Dungeon (4/15)
 Temple: D:4-7

Altars:
Uskayaw

Annotations:
D:4 Pargi


Innate Abilities, Weirdness & Mutations

You have temporarily grown beastly horns and talons.
Your plain brown scales are hard. (AC +6)
You cannot fit into any form of body armour.
You are cold-blooded and may be slowed by cold attacks.


Message History

You grow a pair of large bovine horns.
Your feet morph into talons.
You see here a goblin corpse.
You see here an adder corpse.
A scorpion is nearby!
Pargi the Meek comes into view.
Casting: Beastly Appendage (safe; 5% risk of failure)
Confirm with . or Enter, or press ? or * to list all spells.
You fail to extend your transformation any further.
You punch Pargi! Your kick misses Pargi.
Pargi is moderately wounded.
Pargi snarls, "My home!
Leave!"
Pargi bites you but does no damage. Pargi closely misses you. x2
You hit Pargi. Your kick misses Pargi. Your headbutt misses Pargi.
Pargi is heavily wounded.
Pargi bites you. Pargi misses you. Pargi claws you.
You can now stomp with the beat.
You stomp with the beat, sending a shockwave through the revellers around you!
Pargi is heavily wounded.
The scorpion is moderately wounded.
You can no longer stomp with the beat.
The scorpion closely misses you. Pargi closely misses you.
Pargi barely misses you. Pargi claws you.
You can now stomp with the beat.
You hit Pargi. You claw Pargi.
Pargi is severely wounded.
Your transformation is almost over.
The scorpion stings you.
* * * LOW HITPOINT WARNING * * *
Pargi bites you but does no damage. Pargi misses you. Pargi closely misses you.
Aiming: Polymorph
Press: ? - help, Q - select action, (/) - cycle Shift-Dir - straight line, f - Pargi
Aim: Pargi (severely wounded, will become a wyvern, an acid dragon, or a bullfrog, chance to affect: 54%) Pargi evaporates and reforms as an acid dragon!
The scorpion stings you but does no damage.
You hit Pargi. You claw Pargi. You headbutt Pargi.
Pargi is severely wounded.
The scorpion misses you. Pargi spits acid at you. The splash of acid hits you!!
You die...

.. #..#..............#
.....+.....(...........#
.....#.................#
.......................#
.....#....##.##........#
.............##........#
#............##........#
#......s............†...
......D@.....##.......#.
......####.####.......#.
..... #...†...#........<
.... #..†....#........#
... #.#†..†..)#.......)#
.. #....._............#
. ###.......#........#
#.....†.#.?......#
#.....†.#........#


You could see Pargi the acid dragon (catching breath) and a scorpion.

Vanquished Creatures
  A scorpion (D:4)
  A hound (D:4)
  Crazy Yiuf (D:2)
  Natasha (twice) (D:3)
  Robin (D:3)
  5 adders
  2 worms (D:3)
  2 dart slugs
  An orc (D:4)
  5 bats
  5 endoplasms
  2 giant cockroaches (D:2)
  8 goblins
  10 hobgoblins
  3 jackals (D:1)
  4 quokkas
  7 ball pythons
  4 frilled lizards
  2 kobolds
  5 rats
71 creatures vanquished.

Vanquished Creatures (others)
  A plant (D:3)
1 creature vanquished.

Grand Total: 72 creatures vanquished

Notes
Turn   | Place    | Note
-------+----------+-------------------------------------------
     0 | D:1      | a11behringer the Draconian Transmuter began the quest for
                  | the Orb.
     0 | D:1      | Reached XP level 1. HP: 16/16 MP: 3/3
   261 | D:1      | Reached XP level 2. HP: 21/23 MP: 3/5
   531 | D:1      | Found a faded altar of an unknown god.
   654 | D:1      | Reached XP level 3. HP: 27/28 MP: 4/6
  2110 | D:2      | Found a runed translucent door.
  2111 | D:2      | Noticed Crazy Yiuf
  2129 | D:2      | Killed Crazy Yiuf
  2130 | D:2      | Reached XP level 4. HP: 35/35 MP: 5/7
  2292 | D:3      | Noticed Robin
  2327 | D:3      | Killed Robin
  2580 | D:3      | Reached skill level 4 in Unarmed Combat
  2965 | D:3      | Reached XP level 5. HP: 25/40 MP: 7/9
  3430 | D:3      | Noticed Natasha
  3438 | D:3      | Killed Natasha
  3453 | D:3      | Noticed Natasha
  3464 | D:3      | Killed Natasha
  3887 | D:4      | Reached skill level 1 in Stealth
  3904 | D:4      | Found a hide-covered altar of Uskayaw.
  3923 | D:4      | Reached XP level 6. HP: 20/48 MP: 10/10
  3999 | D:4      | Became a worshipper of Uskayaw the Reveller
  4006 | D:4      | Noticed Pargi
  4011 | D:4      | Reached * piety under Uskayaw
  4014 | D:4      | Noticed Pargi
  4014 | D:4      | Pargi changed into Pargi the acid dragon
  4015 | D:4      | Killed from afar by Pargi the acid dragon

Illustrated notes

Levels and vault maps discovered:
D:1:      dpeg_arrival_snail, layout_rooms, ebering_ecumenical_altar_ruins,
          chequers_serial_rivers_micro_a, nicolae_concentric_dashed_squares_wild
D:2:      layout_loops_corners, uniq_crazy_yiuf_cottage
D:3:      layout_basic, saegor_snake_ambush, uniq_natasha, uniq_robin
D:4:      kb_forest_paths, layout_basic, nicolae_hepliaklqana_hippocampus,
          nicolae_uskayaw_murder_on_the_dancefloor,
          minmay_temple_entry_enclosed_plants, uniq_pargi

Skill      XL: |  1  2  3  4  5 |
---------------+----------------+-----
Dodging        | 2 3 |  3.0
Unarmed Combat | 4 |  4.6
Spellcasting   | 3 |  3.2
Stealth        | 1 |  1.1
Transmutations | 3 |  3.1
Fighting       | |  1.7

Action                   |  1- 3 |  4- 6 || total
-------------------------+-------+-------++-------
Melee: Unarmed           |   118 |   118 ||   236
       Kick              |    21 |    23 ||    44
       Tailslap          |     8 |    14 ||    22
       Headbutt          |     8 |    12 ||    20
       Punch             |     2 |     2 ||     4
 Cast: Beastly Appendage |    24 |    21 ||    45
Invok: Stomp             |       |     1 ||     1
Evoke: Wand              |       |     1 ||     1
 Stab: Sleeping          |       |     1 ||     1
Armor: Skin              |    36 |    43 ||    79
Dodge: Dodged            |    84 |    70 ||   154

Table legend: (Time is in decaauts)
 A = Elapsed time spent in this place.
 B = Non-inter-level travel time spent in this place.
 C = Inter-level travel time spent in this place.
 D = Time resting spent in this place.
 E = Time spent auto-exploring this place.
 F = Levels seen in this place.
 G = Mean time per level.
                   A        B        C        D        E       F      G
               +--------+--------+--------+--------+--------+-----+--------+
         Total |   4011 |   3631 |    380 |     23 |   3091 |   4 | 1002.8 |
       Dungeon |   4011 |   3631 |    380 |     23 |   3091 |   4 | 1002.8 |
               +--------+--------+--------+--------+--------+-----+--------+

Top non-repeatable levels by time:
     D:3: 1659 daAuts
     D:2: 1443 daAuts
     D:1: 769 daAuts
     D:4: 138 daAuts
